AoeStats
← HAMADY

MegaRandom

507530659Analyzed
4v4 RM · 14d ago on Sep 18, 2026· 34m 31s· 8 players
Game mode
Random Map
Map size
Large (8 player)
Population
200
Speed
Normal
Resources
Standard
Victory
Conquest
Starting age
Dark Age
Ending age
Imperial Age
RankedLock teamsTeams togetherTeam positionsShared explorationLock speedFull tech treeHidden civsTurbo modeCheats
Victory
Defeat
🇲🇽 Goths · Mexico
1377
+14
🇲🇽 Vietnamese · Mexico
1349
+15
🇯🇵 Burgundians · Japan
1324
+16
🇲🇽 Spanish · Mexico
1265
+20
🇹🇷 Franks · Türkiye
1360
-17
🇨🇱 Mongols · Chile
1347
-17
🇵🇪 Khmer · Peru
1343
-17
🇬🇧 Malians · United Kingdom
1289
-14
UxDora
5:27 Loom
11:50 Feudal Age
17:13 Fletching
23:41 Castle Age
21:56 Double-Bit Axe
23:44 Crossbowman
24:47 Bodkin Arrow
MORIS0202
12:40 Loom
14:44 Feudal Age
18:49 Castle Age
19:02 Horse Collar
28:04 Wheelbarrow
30:54 Double-Bit Axe
36:19 Imperial Age
HAMADY
5:34 Loom
13:59 Feudal Age
14:43 Double-Bit Axe
15:14 Horse Collar
16:58 Wheelbarrow
22:30 Scale Barding Armor
24:11 Bow Saw
24:34 Heavy Plow
24:57 Town Watch
28:15 Castle Age
26:35 Forging
28:42 Cavalier
29:23 Husbandry
29:45 Chain Barding Armor
30:03 Iron Casting
29:54 Hand Cart
moramora48
10:53 Loom
12:39 Feudal Age
16:55 Castle Age
19:56 Horse Collar
21:56 Double-Bit Axe
22:55 Fletching
26:54 Bodkin Arrow
28:43 Padded Archer Armor
Papamaci
7:09 Loom
16:55 Feudal Age
17:27 Double-Bit Axe
19:36 Wheelbarrow
19:08 Stone Mining
23:09 Town Watch
28:16 Castle Age
29:13 Fletching
30:29 Guard Tower
30:37 Bodkin Arrow
33:09 Bow Saw
32:41 Horse Collar
NOxArbor
8:00 Loom
12:44 Feudal Age
18:07 Wheelbarrow
22:31 Castle Age
20:42 Gold Mining
22:36 Scale Barding Armor
31:39 Hand Cart
31:25 Double-Bit Axe
33:10 Chain Barding Armor
33:00 Forging
kalioglu
8:53 Loom
14:25 Feudal Age
18:34 Wheelbarrow
19:00 Forging
20:24 Scale Barding Armor
23:31 Castle Age
24:41 Hand Cart
24:24 Fletching
LaPosta
3:35 Loom
12:34 Feudal Age
13:08 Double-Bit Axe
13:12 Town Watch
23:40 Castle Age
22:39 Horse Collar
23:55 Fletching
Connection lost

Rejoining the realm…

Still unreachable

The connection could not be restored.

Session expired

The server has moved on; the page needs a fresh start.